 Dungeon Crawl Stone Soup version 0.30-a0-365-ge7f957f1db (webtiles) character file.

Game seed: 12720250735877807231

368 qeuew the Covered (level 7, -2/54 HPs)
             Began as a Formicid Fighter on Nov 17, 2022.
             Was a Follower of Cheibriados.
             Killed by divine providence
             ... invoked by an orc priest
              (16 damage)
             ... on level 3 of the Dungeon.
             The game lasted 00:04:58 (3471 turns).

qeuew the Covered (Formicid Fighter)                Turns: 3471, Time: 00:04:59

Health: -2/54      AC:  7    Str: 23    XL:     7   Next: 1%
Magic:  7/7        EV: 10    Int: 11    God:    Cheibriados [*.....]
Gold:   151        SH:  6    Dex: 18    Spells: 6/6 levels left

rFire   . . .      SeeInvis +    a - +1 war axe
rCold   . . .      Faith    .    c - +0 buckler
rNeg    . . .      Spirit   .    b - +0 scale mail
rPois   .          Reflect  .    (helmet unavailable)
rElec   .          Harm     .    (no cloak)
rCorr   .          Rampage  .    (no gloves)
Will    .....                    (no boots)
Stlth   ..........               (no amulet)
HPRegen 0.29/turn                (no ring)
MPRegen 0.10/turn                (no ring)

@: very slow
A: permanent stasis, dig shafts and tunnels, antennae 3, four strong arms
a: Dig, Shaft Self, Renounce Religion, Bend Time


You were on level 3 of the Dungeon.
You worshipped Cheibriados.
Cheibriados was aware of your devotion.
You visited 2 branches of the dungeon, and saw 6 of its levels.

You collected 164 gold pieces.
You spent 13 gold pieces at shops.

Inventory:

Hand Weapons
 a - a +1 war axe (weapon)
Armour
 b - a +0 scale mail (worn)
 c - a +0 buckler (worn)
Wands
 g - a wand of paralysis (11)
 j - a wand of quicksilver (6)
 m - a wand of flame (14)
Scrolls
 f - 2 scrolls of identify
Potions
 d - a potion of might
 e - 2 potions of mutation {unknown}
 h - a potion of haste {unknown}
 i - 3 potions of curing
 k - a potion of resistance
 l - a potion of heal wounds


   Skills:
 + Level 4.2 Fighting
 + Level 3.1 Axes
 * Level 5.2 Armour
 + Level 2.0 Dodging
 + Level 5.2 Shields
 + Level 1.8 Evocations


You had 6 spell levels left.
You didn't know any spells.
Your spell library contained the following spells:

 Spells                   Type           Power      Damage    Failure   Level
 Magic Dart               Conj           0%         1d3       71%         1
 Searing Ray              Conj           0%         2d4       83%         2
 Fulminant Prism          Conj/Hex       0%         3d5       100%        4
 Manifold Assault         Tloc           0%         N/A       100%        4
 Storm Form               Tmut/Air       0%         N/A       100%        7
 Blink                    Tloc           Unusable   N/A       N/A         2

Dungeon Overview and Level Annotations

Branches:
Dungeon (5/15)             Temple (1/1) D:5

Altars:
Cheibriados
Dithmenos
Gozag
Kikubaaqudgha
Makhleb
Ru
Zin
The Shining One

Shops:
D:2 !?

Annotations:
D:3 1 transporter


Innate Abilities, Weirdness & Mutations

You cannot be hasted, slowed, berserked, paralysed or teleported.
You can dig through walls and to a lower floor.
You have a pair of large antennae on your head. (SInv)
Your four strong arms can wield two-handed weapons with a shield.


Message History

There is a transporter here.
You enter the transporter and appear at another place.
m - a wand of flame (14) Non-targeted abil: Dig
Press: ? - help, Q - select action, (/) - cycle Dir - look around, f - activate You extend your mandibles.
Unknown command.
You can't dig through that.
You open the door.
The orc priest invokes the aid of Beogh against you.
Pain shoots through your body!
There is an open door here.
The shadow imp gestures at you.
You struggle to resist.
The orc priest invokes the aid of Beogh against you.
You struggle to resist.
The shadow imp gestures at you. Pain shoots through your body!
The orc priest invokes the aid of Beogh against you.
You struggle to resist.
The shadow imp disappears for a moment.
You enter the shallow water.
Moving in this stuff is going to be slow.
The orc priest invokes the aid of Beogh against you.
Pain shoots through your body! The shadow imp gestures at you.
You struggle to resist.
The orc priest miscasts a cantrip.
The orc priest suddenly cheers.
The orc priest calls down the wrath of Beogh upon you.
Pain shoots through your body! The shadow imp gestures at you.
Pain shoots through your body!
* * * LOW HITPOINT WARNING * * *
The shadow imp gestures at you.
You struggle to resist.
You open the door.
The orc priest invokes the aid of Beogh against you.
Beogh smites you!
You die...

####......######..# #..# #....
........#.# ##..# ##..#####.#..
#########.#####...###............
#.#.....©.............###
#.#.#########...#######
#...#8P$©$P8#...#
###.#P..?..~#.#.###
#.####'####.....#######
#.#o≈.@.≈5#...#........
#.#5≈...≈5#...#.#######
#.#o≈~~P≈.#)..#....####
#.#.≈~⌠P≈.#.######..... ######
#.#.≈~P~≈.#...#....#### .....##
#.#.≈...≈.#...#.#### #.
#.P♣..#####.#.≈...≈.#...#....###.
..♣♣P....##.####'####.....####...
PP♣P........#P.....P#..#.###.#.#.


You could see 2 orc priests and 3 shadow imps.

Vanquished Creatures
  A scorpion (D:4)
  2 orc priests
  2 iguanas (D:5)
  Natasha (thrice) (D:3)
  A gnoll (D:1)
  3 adders
  An ufetubus (D:5)
  A dart slug (D:2)
  8 orcs
  4 ball pythons
  6 bats
  5 endoplasms
  2 giant cockroaches
  6 goblins
  7 hobgoblins
  7 kobolds
  4 quokkas
  3 frilled lizards (D:1)
  7 rats
73 creatures vanquished.

Vanquished Creatures (others)
  7 plants (D:3)
7 creatures vanquished.

Grand Total: 80 creatures vanquished

Notes
Turn   | Place    | Note
-------+----------+-------------------------------------------
     0 | D:1      | qeuew the Formicid Fighter began the quest for the Orb.
     0 | D:1      | Reached XP level 1. HP: 18/18 MP: 1/1
   105 | D:1      | Reached XP level 2. HP: 24/24 MP: 2/2
   272 | D:1      | Reached XP level 3. HP: 23/29 MP: 3/3
   504 | D:1      | Found a faded altar of an unknown god.
  1033 | D:2      | Found Minairph's Distillery.
  1044 | D:2      | Bought a potion of degeneration for 13 gold pieces
  1113 | D:2      | Found a sacrificial altar of Ru.
  1266 | D:2      | Reached XP level 4. HP: 36/36 MP: 4/4
  1411 | D:2      | Found Ymybrel's Magic Scroll Shoppe.
  1468 | D:2      | Reached skill level 1 in Dodging
  1836 | D:3      | You fall into a shaft and drop 2 floors!
  1836 | D:5      | Entered Level 5 of the Dungeon
  1841 | D:5      | Found a staircase to the Ecumenical Temple.
  1859 | Temple   | Entered the Ecumenical Temple
  1932 | Temple   | Became a worshipper of Cheibriados the Contemplative
  1969 | D:5      | Reached XP level 5. HP: 25/42 MP: 5/5
  1977 | D:5      | HP: 1/42 [orc priest/divine providence (12)]
  2065 | D:5      | Reached skill level 1 in Evocations
  2275 | D:4      | Reached skill level 5 in Shields
  2275 | D:4      | Reached XP level 6. HP: 39/48 MP: 6/6
  2317 | D:3      | Found a transporter.
  2323 | D:3      | Found a transporter.
  2342 | D:3      | Found an opulent altar of Gozag.
  2498 | D:3      | Noticed Natasha
  2504 | D:3      | Killed Natasha
  2505 | D:3      | Reached skill level 5 in Armour
  2505 | D:3      | Noticed Natasha
  2521 | D:3      | Killed Natasha
  2662 | D:3      | Reached * piety under Cheibriados
  2740 | D:3      | Noticed Natasha
  2752 | D:3      | Killed Natasha
  3150 | D:3      | Reached XP level 7. HP: 53/54 MP: 7/7
  3471 | D:3      | Killed from afar by an orc priest

Illustrated notes

Levels and vault maps discovered:
D:1:      minmay_arrival_nine_rooms, layout_loops_corners, serial_glass,
          glass_columns_a, glass_columns_b, minmay_strange_pillars,
          item_on_display_a, item_on_display_a,
          hellmonk_ecumenical_altar_lost_god
D:2:      layout_loops_corners, basic_altar, serial_shops, shop,
          nicolae_diamond_shop, minmay_crystal_room
D:3:      gammafunk_wand_slinger, layout_loops_ring,
          nicolae_gozag_cash_rules_everything_around_me, serial_forest,
          infiniplex_forest_clump_small, infiniplex_forest_3_way,
          infiniplex_forest_clump_curved, infiniplex_forest_clump_cross,
          infiniplex_forest_end_double, infiniplex_forest_lined_corner,
          infiniplex_forest_straight_5, nicolae_figureground_sparkle,
          uniq_natasha
D:4:      layout_rooms, nicolae_vehumet_radiance, okawaru_metal_pillars_3,
          uniq_menkaure, uniq_duvessa, uniq_pikel
D:5:      layout_basic, minmay_temple_entry_statues_fountains, serial_shops,
          nicolae_shop_hallway_plus
Temple:   dpeg_chambers_temple

Skill      XL: |  1  2  3  4  5  6 |
---------------+-------------------+-----
Armour         | 4 5 |  5.2
Dodging        | 1 2 |  2.0
Evocations     | 1 |  1.8
Fighting       | 4 |  4.2
Shields        | 5 |  5.2
Axes           | 3 |  3.1

Action                   |  1- 3 |  4- 6 |  7- 9 || total
-------------------------+-------+-------+-------++-------
Melee: War axe           |    69 |   145 |     3 ||   217
 Abil: Dig               |       |       |     1 ||     1
  Use: Scroll            |     4 |     2 |       ||     6
       Potion            |     2 |     1 |       ||     3
Armor: Scale mail        |    23 |    54 |     1 ||    78
Dodge: Dodged            |    25 |    54 |     1 ||    80
Block: Buckler           |    23 |    40 |     1 ||    64

Table legend: (Time is in decaauts)
 A = Elapsed time spent in this place.
 B = Non-inter-level travel time spent in this place.
 C = Inter-level travel time spent in this place.
 D = Time resting spent in this place.
 E = Time spent auto-exploring this place.
 F = Levels seen in this place.
 G = Mean time per level.
                   A        B        C        D        E       F      G
               +--------+--------+--------+--------+--------+-----+--------+
         Total |   3942 |   3813 |    129 |     62 |   3106 |   6 |  657.0 |
       Dungeon |   3834 |   3741 |     93 |     62 |   3040 |   5 |  766.8 |
        Temple |    108 |     72 |     36 |      0 |     66 |   1 |  108.0 |
               +--------+--------+--------+--------+--------+-----+--------+

Top non-repeatable levels by time:
     D:3: 1565 daAuts
     D:1: 1017 daAuts
     D:2: 845 daAuts
     D:5: 358 daAuts
  Temple: 108 daAuts
     D:4: 47 daAuts
